AoeStats
← KootH.

Arena

505585956Analyzed
4v4 RM · 22d ago on Sep 10, 2026· 45m 29s· 8 players
Game mode
Random Map
Map size
Large (8 player)
Population
200
Speed
Normal
Resources
Standard
Victory
Conquest
Starting age
Dark Age
Ending age
Imperial Age
RankedLock teamsTeams togetherTeam positionsShared explorationLock speedFull tech treeHidden civsTurbo modeCheats
Victory
Defeat
🇨🇳 Huns · China
1418
+9
🇨🇴 Berbers · Colombia
1416
+9
🇦🇷 Koreans · Argentina
1366
+11
🇦🇷 Lithuanians · Argentina
1306
+14
🇨🇴 Cumans · Colombia
1367
-14
🇨🇴 Hindustanis · Colombia
1256
-11
🇨🇴 Bohemians · Colombia
1230
-10
🇲🇽 Britons · Mexico
1174
-8
KootH.
9:43 Feudal Age
13:57 Castle Age
12:25 Double-Bit Axe
12:47 Horse Collar
21:47 Bow Saw
21:46 Heavy Plow
23:16 Wheelbarrow
23:16 Husbandry
23:26 Bloodlines
25:27 Scale Barding Armor
28:00 Forging
33:53 Imperial Age
31:56 Loom
33:54 Iron Casting
34:14 Heavy Camel Rider
36:16 Blast Furnace
36:05 Chain Barding Armor
36:23 Conscription
37:24 Hand Cart
37:16 Cavalier
37:30 Light Cavalry
38:56 Fletching
39:07 Padded Archer Armor
39:42 Plate Barding Armor
41:53 Town Watch
41:41 Hussar
43:23 Bodkin Arrow
43:43 Leather Archer Armor
45:57 Hoardings
46:27 Chemistry
45:47 Ballistics
45:59 Crop Rotation
Mick...
10:29 Feudal Age
12:35 Loom
14:51 Castle Age
13:07 Double-Bit Axe
13:31 Horse Collar
16:34 Heavy Plow
17:06 Scale Barding Armor
17:32 Gold Mining
24:27 Forging
26:37 Wheelbarrow
27:41 Chain Barding Armor
29:18 Gold Shaft Mining
35:02 Iron Casting
35:23 Bow Saw
36:22 Marauders
39:20 Imperial Age
37:08 Hand Cart
37:28 Husbandry
37:38 Bloodlines
41:23 Plate Barding Armor
44:20 Blast Furnace
44:10 Stone Mining
devellabs
3:33 Loom
9:47 Feudal Age
10:13 Double-Bit Axe
11:58 Horse Collar
17:49 Castle Age
18:17 Bloodlines
20:13 Heavy Plow
20:29 Bow Saw
24:45 Husbandry
27:34 Stone Mining
27:35 Gold Mining
27:15 Pikeman
28:33 Scale Mail Armor
31:25 Imperial Age
30:07 Chain Mail Armor
30:57 Wheelbarrow
30:57 Forging
32:32 Iron Casting
31:49 Halberdier
33:31 Husbandry
33:51 Scale Barding Armor
33:16 Cavalier
33:56 Light Cavalry
34:58 Chain Barding Armor
35:52 Hand Cart
36:16 Squires
36:01 Arson
36:05 Town Watch
37:39 Winged Hussar
38:36 Fletching
39:32 Plate Barding Armor
39:40 Bodkin Arrow
40:56 Two-Man Saw
44:14 Stone Shaft Mining
44:34 Bracer
45:22 Town Patrol
45:54 Crop Rotation
c_Roi
10:04 Feudal Age
14:38 Castle Age
12:52 Double-Bit Axe
14:22 Loom
15:20 Fletching
20:27 Bodkin Arrow
22:36 Wheelbarrow
22:29 Horse Collar
22:52 Town Watch
27:16 Heavy Plow
35:11 Imperial Age
32:48 Stone Mining
32:50 Gold Mining
34:45 Ballistics
35:58 Bow Saw
36:01 Bracer
37:04 Chemistry
36:58 Conscription
38:41 Elite War Wagon
40:18 Elite Skirmisher
44:52 Siege Engineers
ACI Ummagumma
11:31 Feudal Age
16:06 Castle Age
14:12 Double-Bit Axe
19:49 Bow Saw
28:55 Imperial Age
28:29 Pikeman
35:43 Scale Mail Armor
ACI Malandrin
10:14 Feudal Age
14:04 Castle Age
13:03 Double-Bit Axe
13:02 Horse Collar
15:15 Bow Saw
22:04 Loom
22:33 Fortified Wall
23:28 Heavy Plow
23:18 Gold Mining
27:03 Imperial Age
24:58 Bloodlines
24:48 Husbandry
26:13 Wheelbarrow
27:17 Scale Barding Armor
27:22 Forging
27:16 Heavy Camel Rider
29:51 Chemistry
30:27 Two-Man Saw
30:39 Chain Barding Armor
31:07 Iron Casting
31:57 Siege Engineers
34:04 Plate Barding Armor
34:30 Blast Furnace
33:30 Padded Archer Armor
34:22 Masonry
34:43 Grand Trunk Road
35:04 Conscription
34:47 Shatagni
35:23 Hoardings
36:09 Coinage
35:39 Imperial Camel Rider
40:59 Banking
ACI Artanisx
10:35 Feudal Age
17:08 Castle Age
18:11 Fletching
24:31 Elite Skirmisher
27:22 Double-Bit Axe
33:30 Gold Mining
35:57 Ballistics
35:41 Padded Archer Armor
36:14 Crossbowman
38:57 Wheelbarrow
38:08 Town Watch
38:09 Loom
44:07 Imperial Age
42:57 Hand Cart
43:04 Bow Saw
43:30 Fortified Wall
43:06 Pikeman
43:52 Scale Mail Armor
43:49 Horse Collar
45:52 Chemistry
44:53 Bodkin Arrow
ACI jyarar
8:55 Feudal Age
9:33 Double-Bit Axe
9:29 Horse Collar
11:03 Horse Collar
16:12 Wheelbarrow
20:40 Castle Age
18:59 Gold Mining
19:27 Scale Barding Armor
19:56 Bloodlines
21:39 Heavy Plow
21:50 Bow Saw
22:17 Chain Barding Armor
22:56 Forging
25:46 Loom
25:53 Loom
29:23 Imperial Age
27:48 Gold Shaft Mining
29:32 Iron Casting
29:30 Cavalier
31:17 Blast Furnace
32:08 Plate Barding Armor
35:21 Fletching
36:27 Conscription
36:50 Bodkin Arrow
Connection lost

Rejoining the realm…

Still unreachable

The connection could not be restored.

Session expired

The server has moved on; the page needs a fresh start.